 Dungeon Crawl Stone Soup version 0.19.0-24-gb05acd6 (webtiles) character file.

3024 patrickswayze the Slicer (level 9, -4/49 HPs)
             Began as a Deep Elf Chaos Knight on Nov 20, 2016.
             Slain by an orc warrior
             ... wielding a +0 trident
              (19 damage)
             ... on level 6 of the Dungeon.
             The game lasted 00:13:31 (8425 turns).

patrickswayze the Slicer (Deep Elf Chaos Knight)    Turns: 8425, Time: 00:13:32

Health: -4/49      AC:  7    Str:  9    XL:     9   Next: 55%
Magic:  11/11      EV: 15    Int: 18    God:    Xom [....*.]
Gold:   77         SH:  4    Dex: 17    Spells: 0 memorised, 8 levels left

rFire  + . .     SeeInvis .     a - +1 short sword (chaos)
rCold  + . .     Gourm    .     D - +3 leather armour {rF+}
rNeg   . . .     Faith    .     (no shield)
rPois  .         Spirit   .     (no helmet)
rElec  .         Reflect  .     e - +0 cloak
rCorr  .         Harm     .     (no gloves)
MR     .....                    (no boots)
Stlth  +++++.....               I - amulet of magic regeneration
                                (no ring)
                                C - ring of stealth

@: invisible
A: fangs 1, large bone plates 1, cold resistance 1
a: Renounce Religion


You were on level 6 of the Dungeon.
You worshipped Xom.
You were a beloved toy of Xom.
You were not hungry.

You visited 2 branches of the dungeon, and saw 8 of its levels.
You also visited: Ossuary.

You collected 263 gold pieces.
You spent 186 gold pieces at shops.


Innate Abilities, Weirdness & Mutations

You have very sharp teeth.
You are partially covered in large bone plates. (SH +4)
Your flesh is cold resistant. (rC+)


   Skills:
 - Level 2.4 Fighting
 - Level 11.2 Short Blades
 - Level 0.7 Armour
 + Level 6.1 Dodging
 - Level 8.0 Stealth


You had 8 spell levels left.
You didn't know any spells.

Inventory:

Hand Weapons
 a - a +1 short sword of chaos (weapon)
 b - a +0 blowgun
Missiles
 r - 29 poisoned needles
Armour
 e - a +0 cloak (worn)
 D - a +3 leather armour of fire resistance (worn)
Jewellery
 C - a ring of stealth (left hand)
 I - an amulet of magic regeneration (around neck)
Wands
 j - a wand of flame (9/48)
 v - a wand of flame (22/48)
 w - a wand of lightning (7/15)
 E - a wand of lightning (2/15)
Scrolls
 d - 6 scrolls of enchant armour
 k - a scroll of recharging
 l - 2 scrolls of identify
 n - 3 scrolls of remove curse
 p - a scroll of amnesia
 y - a scroll of fear
 M - a scroll of magic mapping
Potions
 f - 2 potions of haste
 i - a potion of beneficial mutation {unknown}
 m - 2 potions of might
 o - 3 potions of berserk rage {!q}
 q - a potion of agility {unknown}
 s - a potion of degeneration
 u - a potion of cancellation
 x - a potion of resistance
 z - a potion of ambrosia
 B - 3 potions of curing
 G - a potion of mutation {unknown}
 H - a potion of cure mutation {!q}
Comestibles
 c - 4 bread rations
 g - 3 chunks of flesh
 t - a meat ration


Message History

You hit the orc warrior but do no damage.
The orc warrior barely misses you.
You hit the orc warrior. You freeze the orc warrior.
The orc warrior is lightly wounded.
You hit the orc warrior but do no damage.
You bite the orc warrior, but do no damage.
The orc warrior is lightly wounded.
The orc warrior hits you with a trident!
You hit the orc warrior but do no damage.
The orc warrior goes berserk!
The orc warrior is lightly wounded.
The orc warrior hits you with a trident!!
You hit the orc warrior but do no damage.
The orc warrior seems to speed up.
Your bite misses the orc warrior.
The orc warrior is lightly wounded.
You fade into invisibility!
The orc warrior barely misses you.
The orc warrior hits you with a trident!!
You die...
Xom howls with laughter!

##### ##...## ##(....## ##
#.......########## ### .#
#.......##......>########.#
.#####.......##.......##.......#
.....##.....###.@o......##.(#..##
.###.##........###.####.###.#....
## #.........#..##.####.# #......
##........##.o.....#.###......
##.......#####.##.....#.#....
#(.....### #..#####......#..
###.#......###.##.........##..
####.......)..................##.
.....########......##.......#..##


You could see an orc warrior (berserk).

Vanquished Creatures
  An orb spider (D:7)
  Sigmund (D:2)
  A water moccasin (D:6)
  An orc warrior (D:7)
  A black bear (D:7)
  2 sky beasts
  3 ogres
  A necrophage (D:6)
  2 centaurs (D:5)
  A boggart (D:7)
  A big kobold (D:7)
  A bullfrog (D:5)
  An elf skeleton (D:7)
  3 scorpions
  4 killer bees (D:7)
  A human zombie (D:7)
  A bullfrog zombie (D:5)
  A jelly (D:7)
  3 hounds
  3 orc priests
  2 bullfrog skeletons
  Crazy Yiuf (D:7)
  A human skeleton (D:7)
  Ijyb (D:3)
  Terence (D:2)
  4 worker ants
  2 orc wizards
  3 hound zombies (D:6)
  A hound skeleton (D:6)
  3 mummies (Ossuary)
  3 gnolls (D:5)
  13 adders
  An ooze (D:1)
  4 adder zombies
  2 worms
  5 dart slugs
  4 leopard geckos
  14 orcs
  2 ball pythons
  13 giant cockroaches
  6 goblins
  4 hobgoblins
  2 jackals (D:1)
  10 kobolds
  2 quokkas
  11 bats
  5 frilled lizards
  A giant cockroach zombie (D:6)
  A gnoll zombie (Ossuary)
  3 goblin zombies (Ossuary)
  4 hobgoblin zombies (Ossuary)
  A jackal zombie (D:5)
  2 kobold zombies (Ossuary)
  An orc skeleton (D:7)
  2 orc zombies
  2 quokka skeletons
  8 rats
  4 rat zombies (Ossuary)
182 creatures vanquished.

Vanquished Creatures (others)
  A killer bee (D:7)
  An orc (D:7)
2 creatures vanquished.

Grand Total: 184 creatures vanquished

Notes
Turn   | Place    | Note
-------+----------+-------------------------------------------
     0 | D:1      | patrickswayze the Deep Elf Chaos Knight began the quest for the Orb.
     0 | D:1      | Reached XP level 1. HP: 13/13 MP: 3/3
   221 | D:1      | Reached skill level 1 in Stealth
   229 | D:1      | Reached XP level 2. HP: 18/18 MP: 4/4
   232 | D:1      | XOM: potion effect (might)
   268 | D:1      | Reached skill level 3 in Stealth
   469 | D:1      | XOM: scenery: create altars
   471 | D:1      | Reached XP level 3. HP: 17/22 MP: 5/5
   841 | D:1      | XOM: give mutations
   841 | D:1      | Gained mutation: Your flesh is cold resistant. (rC+) [Xom's grace]
   841 | D:1      | Gained mutation: You are partially covered in iridescent scales. (AC +2) [Xom's grace]
   977 | D:2      | Noticed Sigmund
   980 | D:2      | XOM: summons 3 friendly demons
   984 | D:2      | Killed Sigmund
   984 | D:2      | Reached skill level 6 in Stealth
   984 | D:2      | Reached XP level 4. HP: 27/27 MP: 6/6
   984 | D:2      | Reached XP level 5. HP: 31/31 MP: 7/7
  1032 | D:2      | XOM: scenery: create altars
  1356 | D:2      | Noticed Terence
  1365 | D:2      | XOM: god gift: scroll labeled OPAPNU QAEGOJO {god gift}
  1366 | D:2      | XOM: scenery: create altars
  1373 | D:2      | XOM: cleaving
  1379 | D:2      | Killed Terence
  1602 | D:3      | Reached XP level 6. HP: 27/36 MP: 8/8
  1700 | D:3      | XOM: scenery: create altars
  1791 | D:3      | XOM: 6-stop teleportation journey
  1883 | D:3      | XOM: give mutations
  1883 | D:3      | Gained mutation: You are agile. (Dex +2) [Xom's grace]
  1883 | D:3      | Gained mutation: You are very agile. (Dex +4) [Xom's grace]
  1883 | D:3      | Gained mutation: You are partially covered in large bone plates. (SH +4) [Xom's grace]
  1975 | D:3      | XOM: 2-stop teleportation journey
  2007 | D:3      | XOM: give mutations
  2007 | D:3      | Gained mutation: You can translocate small distances at will. [Xom's grace]
  2007 | D:3      | Gained mutation: Your flesh is very cold resistant. (rC++) [Xom's grace]
  2209 | D:3      | Noticed Ijyb
  2212 | D:3      | Killed Ijyb
  2212 | D:3      | Reached skill level 4 in Short Blades
  2412 | D:4      | XOM: give mutations
  2412 | D:4      | Gained mutation: Scrolls take you a little longer to read. [Xom's mischief]
  2412 | D:4      | Gained mutation: Armour fits poorly on your strangely shaped body. [Xom's mischief]
  2412 | D:4      | Lost mutation: Scrolls take you a little longer to read. [Xom's mischief]
  2412 | D:4      | Gained mutation: You have very sharp teeth. [Xom's mischief]
  2565 | D:4      | XOM: 2-stop teleportation journey
  2581 | D:4      | Found a shadowy altar of Dithmenos.
  2783 | D:4      | Reached skill level 5 in Short Blades
  2783 | D:4      | Reached XP level 7. HP: 40/40 MP: 9/9
  2807 | D:4      | XOM: give mutations
  2807 | D:4      | Gained mutation: Your spells are a little easier to cast, but a little less powerful. [Xom's mischief]
  2807 | D:4      | Lost mutation: You are very agile. (Dex +4) [Xom's mischief]
  2807 | D:4      | Lost mutation: Your spells are a little easier to cast, but a little less powerful. [Xom's mischief]
  2843 | D:4      | XOM: mild Tloc miscast
  3100 | D:4      | XOM: severe Air miscast
  3100 | D:4      | HP: 7/40 [something (27)]
  3380 | D:5      | Entered Level 5 of the Dungeon
  3421 | D:5      | Reached skill level 6 in Short Blades
  3455 | D:5      | XOM: confusion
  3847 | D:4      | XOM: summons 3 hostile demons
  4063 | D:4      | XOM: medium Divn miscast
  4188 | D:5      | Reached skill level 7 in Short Blades
  4519 | D:5      | Reached XP level 8. HP: 24/45 MP: 10/10
  4824 | D:5      | XOM: chaos cloud
  4836 | D:5      | Reached skill level 8 in Short Blades
  5150 | D:6      | XOM: 3-stop teleportation journey
  5178 | D:6      | XOM: medium Summ miscast
  5180 | D:6      | HP: 2/45 [small abomination[the capriciousness of Xom] (20)]
  5345 | D:6      | Reached skill level 9 in Short Blades
  5431 | D:6      | XOM: 6-stop teleportation journey
  5688 | D:6      | Found a burning altar of Makhleb.
  5768 | D:6      | Found Optianer's Magic Scroll Shop.
  5775 | D:6      | Bought a scroll of identify for 24 gold pieces
  5775 | D:6      | Bought a scroll of identify for 24 gold pieces
  5775 | D:6      | Bought a scroll of enchant armour for 90 gold pieces
  5775 | D:6      | Bought a scroll of identify for 24 gold pieces
  5775 | D:6      | Bought a scroll of identify for 24 gold pieces
  5944 | D:7      | XOM: confuse monster(s)
  5988 | D:7      | Reached skill level 10 in Short Blades
  5997 | D:7      | Found a sand-covered staircase.
  6003 | Ossuary  | Entered an ossuary
  6007 | Ossuary  | XOM: butterfly on damage
  6030 | Ossuary  | XOM: silly message
  6443 | D:7      | Found a bloodstained altar of Trog.
  6445 | D:7      | Found a basalt altar of Yredelemnul.
  6445 | D:7      | Found a shimmering altar of Xom.
  6447 | D:7      | Found a snail-covered altar of Cheibriados.
  6448 | D:7      | Found an opulent altar of Gozag.
  6450 | D:7      | XOM: potion effect (invisibility)
  6753 | D:7      | Found a staircase to the Ecumenical Temple.
  6774 | D:7      | Reached XP level 9. HP: 40/49 MP: 11/11
  6913 | D:7      | Noticed an orb spider
  6913 | D:7      | a sky beast changed into an orb spider
  6918 | D:7      | XOM: smoke on damage
  6923 | D:7      | Killed an orb spider
  6923 | D:7      | Reached skill level 11 in Short Blades
  6993 | D:7      | Reached skill level 3 in Dodging
  7119 | D:7      | XOM: cleaving
  7122 | D:7      | XOM: confusion
  7124 | D:7      | Lost mutation: Armour fits poorly on your strangely shaped body. [potion of cure mutation]
  7124 | D:7      | Lost mutation: You are partially covered in iridescent scales. (AC +2) [potion of cure mutation]
  7124 | D:7      | Lost mutation: You are agile. (Dex +2) [potion of cure mutation]
  7124 | D:7      | Lost mutation: You can translocate small distances at will. [potion of cure mutation]
  7124 | D:7      | Lost mutation: Your flesh is very cold resistant. (rC++) [potion of cure mutation]
  7129 | Temple   | Entered the Ecumenical Temple
  7362 | D:7      | XOM: confusion
  7373 | D:7      | XOM: polymorph killer bee -> big kobold
  7387 | D:7      | XOM: destruction
  7529 | D:7      | Found a runed door.
  7533 | D:7      | Noticed Crazy Yiuf
  7537 | D:7      | Killed Crazy Yiuf
  7662 | D:6      | XOM: enchant monster (bad)
  7691 | D:6      | HP: 9/49 [something (11)]
  8288 | D:5      | Reached skill level 6 in Dodging
  8425 | D:6      | Slain by an orc warrior

Vault maps used:
D:1:      dpeg_cavernosity
D:2:      uniq_terence, uniq_sigmund
D:3:      grunt_decor_arrowhead, uniq_iyjb
D:4:      first_bread, nicolae_dithmenos_shadow_blocks
D:5:      serial_bayou, serial_bayou_lagoon_b, serial_bayou_pond_e,
          serial_bayou_pond_d, serial_bayou_shore_a, serial_bayou_shore_b,
          kennysheep_doodads
D:6:      serial_shops, shop, makhleb_blood_cavern_becter
D:7:      grunt_temple_overflow_open, nicolae_ossuary_entry_catacombs,
          hangedman_decor_lopped, nicolae_tso_swordbearing_angel,
          uniq_crazy_yiuf_cottage
Temple:   nicolae_temple_great_sept
Ossuary:  ossuary_minmay_chase

Action                   |  1- 3 |  4- 6 |  7- 9 || total
-------------------------+-------+-------+-------++-------
Melee: Short sword       |    90 |   120 |   486 ||   696
       Bite              |       |     3 |    43 ||    46
Evoke: Wand              |       |     2 |     6 ||     8
  Use: Scroll            |       |       |    25 ||    25
       Potion            |       |       |     8 ||     8
 Stab: Sleeping          |    11 |    12 |    21 ||    44
       Distracted        |     1 |     1 |       ||     2
       Paralysed         |       |     1 |     3 ||     4
       Petrifying        |       |       |     1 ||     1
       Invisible         |       |       |     5 ||     5
       Confused          |       |       |     2 ||     2
  Eat: Chunk             |       |     6 |    12 ||    18
       Pizza             |       |       |     1 ||     1
       Fruit             |       |       |     4 ||     4
       Beef jerky        |       |       |     1 ||     1
Armor: Leather armour    |    29 |    30 |    96 ||   155
       Skin              |       |       |    25 ||    25
Dodge: Dodged            |    62 |    56 |   167 ||   285
Block: Other             |       |     4 |    49 ||    53
